 Seeded DCSS version 0.30-a0-715-gdb4ae3ece1 (webtiles) character file.

Game seed: 2721199303573115971 (custom seed)

1814065 acebull12 the Conqueror (level 25, 257/257 HPs)
             Began as a Minotaur Fighter on Jan 24, 2023.
             Was the Champion of Ashenzari.
             Escaped with the Orb
             ... and 3 runes on Jan 25, 2023!
             The game lasted 02:34:34 (57435 turns).

acebull12 the Conqueror (Minotaur Fighter)         Turns: 57435, Time: 02:34:35

Health: 257/257    AC: 37    Str: 40    XL:     25   Next: 75%
Magic:  24/24      EV: 43    Int:  6    God:    Ashenzari [******]
Gold:   9382       SH: 15    Dex: 36    Spells: 26/26 levels left

rFire   + + .      SeeInvis +    q - +10 zealot's sword {holy, Zealotry, *Rage rN+ EV+3, Melee, Fort} (curse)
rCold   + . .      Faith    .    V - +6 buckler "Secrets of Ashenzari" {rPois rF++ rCorr MP-9, Evo, Self} (curse)
rNeg    + . .      Spirit   .    r - +13 plate armour of Ashenzari's Shame {rF- Int-5 Dex+8 Stlth+, Evo, Bglg} (curse)
rPois   +          Reflect  .    f - +2 hat of the Elysian Seer {Comp, Melee} (curse)
rElec   +          Harm     .    g - scarf of the Wild Blue Yonder {rC+ rF+, Range, Cun} (curse)
rCorr   +          Rampage  .    h - +2 pair of gloves "Shattered With Me" {Str+3, Range, Self} (curse)
Will    +....      Clarity  +    K - +2 pair of boots "Ruined Anxiety" {Str+4 Int+2 Dex+7, Melee, Evo} (curse) Stlth
                                 m - amulet of Star-Bound Wisdom {Regen+ MP+9 Str+3, Cun, Evo} (curse)
HPRegen 1.42/turn                a - ring of Ashenzari's Omen {Dex+6, Cun, Bglg} (curse)
MPRegen 0.19/turn                R - ring of the Eternal Cynicism {*Slow Fly rElec rF+ Str+8, Cun, Self} (curse)

@: flying, studying 3 skills
A: horns 2, retaliatory headbutt, hooves 1, berserk 1, clumsy 1, deterioration
1, sense surroundings 1, screaming 1, heat vulnerability 1
0: Orb of Zot
}: 3/15 runes: serpentine, barnacled, silver
a: Renounce Religion, Shatter the Chains


You escaped.
You worshipped Ashenzari.
Ashenzari was exalted by your worship.
You visited 10 branches of the dungeon, and saw 46 of its levels.
You also visited: Ice Cave and Desolation.

You collected 9742 gold pieces.
You spent 360 gold pieces at shops.

Inventory:

Hand Weapons
 q - the cursed +10 zealot's sword (weapon) {holy, Zealotry, *Rage rN+ EV+3, Melee, Fort}
   (You found it on level 2 of the Dungeon)

   Zealotry:  Whenever the wielder enters a berserk rage, their allies are
   berserked alongside them.
   EV:        It affects your evasion (+3).
   rN:        It protects you from negative energy.
   *Rage:     It berserks you when you make melee attacks (+20% chance).
   It has a curse which improves the following skills: Melee Combat: Short
   Blades, Long Blades, Axes, Maces & Flails, Polearms, Staves and Unarmed
   Combat.
   Fortitude: Armour and Shields.
Missiles
 t - 10 javelins
 v - 32 boomerangs (quivered)
 y - 13 atropa-tipped darts
 O - 8 curare-tipped darts
 U - 11 throwing nets
Armour
 f - the cursed +2 hat of the Elysian Seer (worn) {Comp, Melee}
   (You found it on level 1 of the Shoals)

   It has a curse which improves the following skills: Companions: Summonings
   and Necromancy.
   Melee Combat: Short Blades, Long Blades, Axes, Maces & Flails, Polearms,
   Staves and Unarmed Combat.
 g - the cursed scarf of the Wild Blue Yonder (worn) {rC+ rF+, Range, Cun}
   (You found it on level 1 of the Dungeon)

   It has a curse which improves the following skills: Ranged Combat: Ranged
   Weapons and Throwing.
   Cunning:   Dodging and Stealth.
 h - the cursed +2 pair of gloves "Shattered With Me" (worn) {Str+3, Range, Self}
   (You found it on level 10 of the Dungeon)

   It has a curse which improves the following skills: Ranged Combat: Ranged
   Weapons and Throwing.
   Introspection: Fighting and Spellcasting.
 r - the cursed +13 plate armour of Ashenzari's Shame (worn) {rF- Int-5 Dex+8 Stlth+, Evo, Bglg}
   (You took it off an orc warrior on level 10 of the Dungeon)

   Int:       It affects your intelligence (-5).
   Dex:       It affects your dexterity (+8).
   rF:        It makes you vulnerable to fire.
   Stlth:     It makes you more stealthy.
   It has a curse which improves the following skills: Evocations: Evocations.
   Beguiling: Conjurations, Hexes and Translocations.
 K - the cursed +2 pair of boots "Ruined Anxiety" (worn) {Str+4 Int+2 Dex+7, Melee, Evo}
   (You acquired it on level 2 of the Realm of Zot)

   Str:       It affects your strength (+4).
   Int:       It affects your intelligence (+2).
   Dex:       It affects your dexterity (+7).
   It has a curse which improves the following skills: Melee Combat: Short
   Blades, Long Blades, Axes, Maces & Flails, Polearms, Staves and Unarmed
   Combat.
   Evocations: Evocations.
 V - the cursed +6 buckler "Secrets of Ashenzari" (worn) {rPois rF++ rCorr MP-9, Evo, Self}
   (You took it off a gnoll sergeant on level 8 of the Dungeon)

   rF:        It greatly protects you from fire.
   rPois:     It protects you from poison.
   MP:        It affects your magic capacity (-9).
   rCorr:     It protects you from acid and corrosion.
   It has a curse which improves the following skills: Evocations: Evocations.
   Introspection: Fighting and Spellcasting.
Jewellery
 a - the cursed ring of Ashenzari's Omen (left hand) {Dex+6, Cun, Bglg}
   (You found it on level 2 of the Dungeon)

   [ring of dexterity]

   Dex:       It affects your dexterity (+6).
   It has a curse which improves the following skills: Cunning: Dodging and
   Stealth.
   Beguiling: Conjurations, Hexes and Translocations.
 i - the ring "Gyaseo" {Will- rCorr Str+3 Dex+6}
   (You found it in the Desolation of Salt)

   [ring of resist corrosion]

   Str:       It affects your strength (+3).
   Dex:       It affects your dexterity (+6).
   rCorr:     It protects you from acid and corrosion.
   Will:      It decreases your willpower.
 j - a ring of willpower
 k - a ring of willpower
 m - the cursed amulet of Star-Bound Wisdom (around neck) {Regen+ MP+9 Str+3, Cun, Evo}
   (You found it on level 5 of the Lair of Beasts)

   [amulet of regeneration]

   Str:       It affects your strength (+3).
   MP:        It affects your magic capacity (+9).
   Regen:     It increases your rate of health regeneration.
   It has a curse which improves the following skills: Cunning: Dodging and
   Stealth.
   Evocations: Evocations.
 R - the cursed ring of the Eternal Cynicism (right hand) {*Slow Fly rElec rF+ Str+8, Cun, Self}
   (You took it off a gnoll on level 8 of the Dungeon)

   [ring of flight]

   Str:       It affects your strength (+8).
   rF:        It protects you from fire.
   rElec:     It insulates you from electricity.
   Fly:       It grants you flight.
   *Slow:     It may slow you when you take damage.
   It has a curse which improves the following skills: Cunning: Dodging and
   Stealth.
   Introspection: Fighting and Spellcasting.
Wands
 e - a wand of digging (16)
 H - a wand of charming (31)
 J - a wand of iceblast (25)
 M - a wand of mindburst (44)
 S - a wand of flame (61)
 T - a wand of light (21)
 Y - a wand of polymorph (25)
Scrolls
 c - 5 scrolls of fear
 o - 17 scrolls of teleportation
 p - 10 scrolls of fog
 z - a scroll of amnesia
 E - 4 scrolls of magic mapping
 F - 7 scrolls of silence
 N - 2 scrolls of immolation
 Q - a scroll of enchant armour
Potions
 d - 7 potions of might
 l - a potion of mutation
 n - 4 potions of berserk rage
 u - 3 potions of ambrosia
 x - 14 potions of curing
 A - 7 potions of heal wounds
 D - 2 potions of invisibility
 G - 8 potions of haste
 I - 5 potions of cancellation
 L - 5 potions of brilliance
 P - 3 potions of resistance
 W - 6 potions of lignification
Miscellaneous
 b - a phial of floods
 s - a box of beasts
 B - a condenser vane
 C - a tin of tremorstones (2/2)
 X - a phantom mirror


   Skills:
 O Level 27 Fighting
 - Level 14.0(19.0) Long Blades
 * Level 24.9(27) Throwing
 - Level 9.5(12.2) Armour
 + Level 26.4(27) Dodging
 - Level 0.8(3.6) Stealth
 - Level 7.0(9.7) Shields
 - Level 0.2(1.3) Spellcasting
 * Level 19.3(25.2) Evocations


You had 26 spell levels left.
You didn't know any spells.
Your spell library contained the following spells:

 Spells                   Type           Power      Damage    Failure   Level
 Apportation              Tloc           2%         N/A       87%         1
 Magic Dart               Conj           4%         1d3       87%         1
 Kiss of Death            Conj/Necr      0%         2d5       88%         1
 Necrotise                Necr           0%         1d4       88%         1
 Summon Small Mammal      Summ           0%         N/A       88%         1
 Foxfire                  Conj/Fire      0%         2x1d4     89%         1
 Beastly Appendage        Tmut           0%         N/A       91%         1
 Freeze                   Ice            0%         1d3       91%         1
 Blink                    Tloc           2%         N/A       95%         2
 Lesser Beckoning         Tloc           2%         N/A       95%         2
 Searing Ray              Conj           2%         2d4       95%         2
 Call Imp                 Summ           0%         N/A       96%         2
 Ensorcelled Hibernation  Hex/Ice        0%         N/A       96%         2
 Cigotuvi's Dreadful Rot  Necr/Pois/Air  0%         N/A       97%         2
 Wereblood                Tmut           0%         N/A       97%         2
 Call Canine Familiar     Summ           0%         N/A       99%         3
 Confusing Touch          Hex            1%         N/A       99%         3
 Dazzling Flash           Conj/Hex       2%         N/A       99%         3
 Hailstorm                Conj/Ice       0%         3d3       99%         3
 Inner Flame              Hex/Fire       0%         N/A       99%         3
 Kindle Blastsparks       Fire/Tloc/Air  0%         2d10      99%         3
 Mephitic Cloud           Conj/Pois/Air  0%         N/A       99%         3
 Portal Projectile        Hex/Tloc       2%         N/A       99%         3
 Summon Guardian Golem    Hex/Summ       0%         N/A       99%         3
 Tukima's Dance           Hex            1%         N/A       99%         3
 Vampiric Draining        Necr           0%         2d6       99%         3
 Vhi's Electric Charge    Tloc/Air       0%         N/A       99%         3
 Frozen Ramparts          Ice            0%         1d1       100%        3
 Ignite Poison            Fire/Tmut/Pois 0%         N/A       100%        3
 Ozocubu's Armour         Ice            0%         N/A       100%        3
 Spider Form              Tmut/Pois      0%         N/A       100%        3
 Animate Armour           Summ/Erth      0%         N/A       100%        4
 Animate Dead             Necr           0%         N/A       100%        4
 Cause Fear               Hex            0%         N/A       100%        4
 Dispel Undead            Necr           0%         3d6       100%        4
 Fulminant Prism          Conj/Hex       0%         3d5       100%        4
 Ice Form                 Ice/Tmut       0%         N/A       100%        4
 Iskenderun's Mystic Bla  Conj/Tloc      1%         2d3       100%        4
 Leda's Liquefaction      Hex/Erth       0%         N/A       100%        4
 Manifold Assault         Tloc           1%         N/A       100%        4
 Olgreb's Toxic Radiance  Pois           0%         N/A       100%        4
 Passage of Golubria      Tloc           1%         N/A       100%        4
 Petrify                  Tmut/Erth      0%         N/A       100%        4
 Sticky Flame             Conj/Fire      0%         2d3       100%        4
 Summon Ice Beast         Ice/Summ       0%         N/A       100%        4
 Agony                    Necr           0%         N/A       100%        5
 Arcjolt                  Conj/Air       0%         1d10      100%        5
 Blade Hands              Tmut           0%         N/A       100%        5
 Borgnjor's Vile Clutch   Necr/Erth      0%         N/A       100%        5
 Fireball                 Conj/Fire      0%         3d3       100%        5
 Freezing Cloud           Conj/Ice/Air   0%         6-21      100%        5
 Iskenderun's Battlesphe  Conj           1%         2d6       100%        5
 Lee's Rapid Deconstruct  Erth           0%         3d4*      100%        5
 Metabolic Englaciation   Hex/Ice        0%         N/A       100%        5
 Summon Forest            Summ/Tloc      0%         N/A       100%        5
 Yara's Violent Unravell  Hex/Tmut       0%         3d3       100%        5
 Death Channel            Necr           0%         N/A       100%        6
 Dispersal                Tloc           0%         N/A       100%        6
 Iron Shot                Conj/Erth      0%         9d1       100%        6
 Simulacrum               Ice/Necr       0%         N/A       100%        6
 Starburst                Conj/Fire      0%         6d3       100%        6
 Statue Form              Tmut/Erth      0%         N/A       100%        6
 Dragon Form              Tmut           0%         N/A       100%        7
 Enfeeble                 Hex            0%         N/A       100%        7
 Malign Gateway           Summ/Tloc      0%         N/A       100%        7
 Ozocubu's Refrigeration  Ice            0%         4d7       100%        7
 Spellforged Servitor     Conj/Summ      0%         N/A       100%        7
 Storm Form               Tmut/Air       0%         N/A       100%        7
 Discord                  Hex            0%         N/A       100%        8
 Disjunction              Tloc           0%         N/A       100%        8
 Ignition                 Fire           0%         3d3       100%        8
 Maxwell's Capacitive Co  Air            0%         ∞         100%        8
 Chain Lightning          Conj/Air       0%         N/A       100%        9
 Dragon's Call            Summ           0%         N/A       100%        9
 Fire Storm               Conj/Fire      0%         5d1       100%        9
 Polar Vortex             Ice            0%         N/A       100%        9
 Shatter                  Erth           0%         3d5*      100%        9


Dungeon Overview and Level Annotations

Branches:
Dungeon (15/15)            Temple (1/1) D:6            Lair (5/5) D:10
 Shoals (4/4) Lair:3        Snake (4/4) Lair:3        Slime (0/5) Lair:5
    Orc (2/2) D:10            Elf (0/3) Orc:2        Vaults (5/5) D:13
  Crypt (1/3) Vaults:3     Depths (4/4) D:15            Zot (5/5) Depths:4
  IceCv (visited)         Desolation (visited)

Altars:
Ashenzari
Cheibriados
Elyvilon
Fedhas
Gozag
Hepliaklqana
Kikubaaqudgha
Makhleb
Nemelex Xobeh
Okawaru
Qazlal
Ru
Sif Muna
Trog
Uskayaw
Vehumet
Wu Jian
Xom
Yredelemnul
Zin
The Shining One
Jiyva

Shops:
D:2 *   D:3 (   D:15 *   Orc:2 *:(*   Snake:1 **=   Snake:3 =:=   Vaults:2 [
Vaults:5 (   Depths:1 (((**

Portals:
Hell: Depths:1 Depths:2 Depths:3 Depths:4
Abyss: Depths:3 Depths:4
Pandemonium: Depths:2
Ziggurat: Depths:1

Annotations:
Zot:3 1 runed translucent door, Joggorr's ghost, veteran OgBe


Innate Abilities, Weirdness & Mutations

You have a pair of horns on your head.
You reflexively headbutt those who attack you in melee.
You have large cloven feet.
You sometimes lose your temper in combat.
You are clumsy. (Dex -2)
Your body sometimes deteriorates upon taking damage.
You passively map a small area around you.
You occasionally shout uncontrollably at your foes.
You are vulnerable to heat. (rF-)


Message History

You kill the balrug!
You see here a +1 vampiric demon whip.
There is an open door here.
There is a staircase leading out of the dungeon here.
You start resting.
HP restored.
You start waiting.
An ice devil comes into view.
An ice devil is nearby!
You slice the ice devil!!
The ice devil convulses.
You headbutt the ice devil!
The ice devil is severely wounded.
You hit the ice devil but do no damage. Your headbutt misses the ice devil.
The ice devil is severely wounded.
The ice devil hits you but does no damage.
You slash the ice devil!
You kill the ice devil!
You start waiting.
A demonic crawler comes into view.
The demonic crawler moves out of view.
You start waiting.
A demonic crawler is nearby!
The demonic crawler gives a hideous shriek!
You slice the demonic crawler!!
The demonic crawler convulses!
You headbutt the demonic crawler, but do no damage.
The demonic crawler is heavily wounded.
You block the demonic crawler's attack.
The demonic crawler completely misses you.
You block the demonic crawler's attack.
You chop the demonic crawler into pieces!!!
You kill the demonic crawler!
No target in view!
You start waiting.
You sense a monster nearby.
You start waiting.
You sense a monster nearby.
You start waiting.
An Orb Guardian comes into view.
There is a staircase leading out of the dungeon here.
You block the Orb Guardian's attack.
You have escaped!

##..........{....♣#
....♣♣♣#'''#♣♣♣..{#
...♣♣###...###♣♣[♣#
.♣♣♣ #.......# ♣♣♣
♣♣####..8.8..####
###..#.......#..###
#....#.8...8)'....#
#....#.[.⌠...#....#
#.⌠..'.8.....#.X@.#
#....#.......#....#
###################


You could see an Orb Guardian.

Vanquished Creatures
  5 ancient liches
  5 dread liches
  5 orbs of fire
  2 pandemonium lords
  Sojobo (Depths:4)
  Vv (Zot:1)
  5 Killer Klowns
  Parghit (Depths:4)
  Xtahua (Depths:4)
  A curse toe (Zot:4)
  Saint Roka (Vaults:2)
  2 caustic shrikes (Depths:3)
  Vashnia (Snake:4)
  6 golden dragons
  A bone dragon (Depths:3)
  4 electric golems
  2 walking crystal tomes
  13 tentacled monstrosities
  25 Orb Guardians (Zot:5)
  A walking frostbound tome (Depths:2)
  6 liches
  Rupert (D:13)
  6 quicksilver dragons
  A walking divine tome (Depths:3)
  Polyphemus (Shoals:2)
  An acid blob (Lair:5)
  4 titans
  8 death cobs
  An Executioner (D:7)
  An ancient champion (Crypt:1)
  7 sphinxes
  11 tengu reavers
  Frances (D:13)
  A kraken (Shoals:4)
  9 shadow dragons
  Donald (Shoals:1)
  The ghost of hikkokomori the Stormcaller, an adept TeAE of Vehumet (Shoals:4)
  Kirke (D:12)
  Roxanne (D:14)
  12 storm dragons
  7 draconian monks
  2 azure jellies (Lair:5)
  6 draconian knights
  6 nagarajas
  An imperial myrmidon (Desolation)
  2 balrugs
  A deep elf sorcerer (Vaults:4)
  4 draconian scorchers
  18 vault wardens
  10 frost giants
  7 fire giants
  2 iron dragons
  Aizul (Snake:1)
  A ghost moth (Zot:1)
  5 draconian shifters
  A ghoul (Crypt:1)
  6 draconian annihilators
  An orc warlord (D:13)
  21 ironbound preservers
  6 draconian stormcallers
  20 very ugly things
  2 spriggan defenders
  2 angels (Vaults:2)
  12 ironbound thunderhulks
  2 quicksilver oozes (Lair:5)
  4 war gargoyles
  2 deep elf demonologists (Vaults:5)
  12 stone giants
  Nessos (Orc:2)
  A demonspawn blood saint (Zot:3)
  4 green draconians
  14 black draconians
  A demonspawn black sun (Zot:3)
  11 white draconians
  10 yellow draconians
  2 deep elf annihilators
  3 halazid warlocks (Desolation)
  5 spark wasps
  10 dire elephants
  14 purple draconians
  11 red draconians
  A blizzard demon (Zot:3)
  4 crystal guardians
  7 ettins
  Snorg (Lair:3)
  Josephine (Orc:2)
  2 merfolk javelineers (Shoals:4)
  7 ragged hierophants (Desolation)
  3 entropy weavers
  9 merfolk impalers
  7 great orbs of eyes
  16 yaktaur captains
  11 fire dragons
  A caustic shrike simulacrum (IceCv)
  6 ice dragons
  29 vault guards
  4 salamander tyrants
  8 peacekeepers
  9 servants of whispers (Desolation)
  Erolcha (D:12)
  7 rakshasas
  2 catoblepae
  2 hell beasts
  7 ogre magi
  14 anacondas
  15 centaur warriors
  5 merfolk avatars
  3 spriggan air magi
  2 death knights
  6 hydras
  5 boulder beetles
  5 ironbound frosthearts
  2 alligator snapping turtles
  3 satyrs
  3 merfolk aquamancers
  21 naga warriors
  10 tengu warriors
  6 death yaks
  3 deep troll shamans (Depths:3)
  7 two-headed ogres
  2 vampire magi
  11 deep troll earth magi
  13 naga sharpshooters
  The ghost of sirJeffrey23 the Devastator, a journeyman TeCj of the Shining One (D:10)
  10 spriggan berserkers
  Urug (D:10)
  The ghost of retardedninja the Protected, a novice MiFi of Gozag (D:7)
  2 soul eaters
  4 shock serpents
  2 salamander mystics
  13 hell knights
  2 spectral death yaks (Lair:5)
  5 skeletal warriors
  6 iron trolls
  A sixfirhy (D:9)
  A shadow wraith (Shoals:3)
  A spectral anaconda (Lair:5)
  5 bog bodies (IceCv)
  Lodul (D:14)
  25 sea snakes
  55 deep trolls
  The ghost of Rennog the Basher, a novice GrFi of Okawaru (D:8)
  22 ironbound convokers
  2 flayed ghosts
  A spriggan simulacrum (IceCv)
  An orange crystal statue (Depths:1)
  3 glowing orange brains
  2 obsidian statues
  10 naga ritualists
  8 wizards
  33 harpies
  9 necromancers
  3 phantasmal warriors
  A mana viper (shapeshifter) (Vaults:4)
  9 mana vipers
  6 lindwurms
  3 deep elf pyromancers
  12 fauns
  7 cyclopes
  3 oklob plants (Lair:5)
  15 manticores
  2 orc sorcerers
  A stone giant zombie (Vaults:2)
  9 orc knights
  15 salamanders
  A manticore (shapeshifter) (Depths:3)
  23 moths of wrath
  2 human skeletons (Vaults:2)
  37 ugly things
  A moth of wrath (shapeshifter) (Depths:2)
  A tengu skeleton (Vaults:2)
  31 black mambas
  17 naga magi
  2 dire elephant zombies (Lair:5)
  5 merfolk sirens
  15 elephants
  4 water nymphs
  20 vault sentinels
  2 stone giant skeletons (Vaults:4)
  10 guardian serpents
  12 cane toads
  A demonic crawler (D:1)
  An orange demon (D:5)
  A gargoyle (D:11)
  An unseen horror (D:11)
  A dire elephant skeleton (Lair:5)
  2 kobold demonologists (D:13)
  5 rime drakes
  A spectral unseen horror (D:7)
  An efreet (D:15)
  19 freezing wraiths
  4 komodo dragons
  38 yaktaurs
  A tormentor (Zot:3)
  4 tengu conjurers
  3 anaconda simulacra (IceCv)
  4 ice devils
  A merfolk (shapeshifter) (Depths:2)
  A red devil (D:11)
  6 polar bears
  30 merfolk
  8 wind drakes
  6 trolls
  4 hornets
  20 blink frogs
  Grinder (D:3)
  56 saltlings (Desolation)
  2 spectral elephants (Lair:5)
  9 snapping turtles
  12 dream sheep
  Sigmund (D:5)
  An ettin zombie (Vaults:4)
  33 slime creatures
  A jumping spider (Vaults:3)
  5 shadows
  4 wyverns
  3 dire elephant simulacra (IceCv)
  A culicivora (shapeshifter) (Vaults:4)
  A spriggan (Depths:3)
  3 water elementals
  6 wraiths
  2 fire bats (Depths:3)
  4 hogs (D:12)
  37 yaks
  6 basilisks
  A death yak simulacrum (Lair:5)
  2 redbacks
  2 steam dragons
  3 vampire mosquitoes
  5 wargs
  An elf skeleton (Vaults:3)
  3 harpy simulacra (IceCv)
  A glowing shapeshifter zombie (Vaults:2)
  An acid dragon (D:11)
  38 nagas
  5 hell hounds (D:8)
  Edmund (D:5)
  A hydra simulacrum (IceCv)
  20 water moccasins
  A floating eye (Depths:3)
  49 orc warriors
  A black bear (D:7)
  A sky beast (D:6)
  4 alligator simulacra (IceCv)
  An ice beast (D:7)
  An elephant zombie (Lair:5)
  An ettin simulacrum (IceCv)
  A boggart (shapeshifter) (Vaults:5)
  24 centaurs
  23 ogres
  10 wolves
  3 phantoms
  2 elephant skeletons (Lair:5)
  5 kobold brigands
  4 human zombies
  2 deep troll simulacra (IceCv)
  7 bullfrogs
  5 necrophages
  5 gnoll sergeants
  4 scorpions
  8 wights
  14 killer bees
  An elephant simulacrum (Lair:5)
  5 lindwurm simulacra (IceCv)
  7 electric eels
  A howler monkey (D:8)
  13 jellies
  A wyvern simulacrum (D:7)
  2 gnoll boudas
  18 orc priests
  3 hounds
  3 iguanas
  Terence (D:3)
  24 orc wizards
  2 killer bee zombies (D:7)
  A howler monkey zombie (D:7)
  17 gnolls
  11 adders
  A shadow imp (D:6)
  A white imp (D:7)
  85 orcs
  10 endoplasms
  A giant cockroach (D:1)
  7 hobgoblins
  4 quokkas
  6 ball pythons
  3 bats (D:2)
  4 frilled lizards
  9 goblins
  11 kobolds
  6 rats
  A fire vortex (Depths:3)
2057 creatures vanquished.

Vanquished Creatures (others)
  A draconian stormcaller (Zot:1)
  A two-headed ogre (D:15)
  A saltling (Desolation)
  2 humans (D:12)
  3 orcs
  14 fungi
  63 plants
  15 tentacles (Shoals:4)
  17 withered plants
117 creatures vanquished.

Grand Total: 2174 creatures vanquished

Notes
Turn   | Place    | Note
-------+----------+-------------------------------------------
     0 | D:1      | acebull12 the Minotaur Fighter began the quest for the Orb.
     0 | D:1      | Reached XP level 1. HP: 19/19 MP: 0/0
   804 | D:2      | Reached XP level 2. HP: 27/27 MP: 1/1
   822 | D:2      | Found the +10 zealot's sword {holy, Zealotry, *Rage rN+
                  | EV+3}
  1026 | D:2      | Found Karghu's Assorted Antiques.
  1465 | D:2      | Reached XP level 3. HP: 33/33 MP: 2/2
  1583 | D:2      | Reached skill level 4 in Fighting
  2187 | D:3      | Reached XP level 4. HP: 40/40 MP: 3/3
  2569 | D:3      | Noticed Grinder
  2577 | D:3      | Paralysed by Grinder for 4 turns
  2592 | D:3      | Killed Grinder
  2593 | D:3      | Reached skill level 1 in Throwing
  2593 | D:3      | Reached XP level 5. HP: 43/47 MP: 4/4
  2593 | D:3      | Reached XP level 6. HP: 48/53 MP: 5/5
  2746 | D:3      | Noticed Terence
  2749 | D:3      | Killed Terence
  2898 | D:3      | Found Asiul's Antique Weapon Boutique.
  3250 | D:4      | Reached skill level 5 in Armour
  3478 | D:4      | Found an ancient bone altar of Kikubaaqudgha.
  3484 | D:4      | Found a burning altar of Makhleb.
  3548 | D:4      | Reached XP level 7. HP: 60/60 MP: 6/6
  3685 | D:5      | Entered Level 5 of the Dungeon
  3933 | D:5      | Reached XP level 8. HP: 67/67 MP: 7/7
  4117 | D:5      | Reached skill level 5 in Fighting
  4228 | D:5      | Noticed Sigmund
  4236 | D:5      | Killed Sigmund
  4237 | D:5      | Reached skill level 1 in Dodging
  4254 | D:5      | Noticed Edmund
  4257 | D:5      | Killed Edmund
  4475 | D:6      | Reached skill level 10 in Long Blades
  4599 | D:6      | Found a staircase to the Ecumenical Temple.
  4646 | Temple   | Entered the Ecumenical Temple
  4726 | Temple   | Became a worshipper of Ashenzari the Shackled
  4841 | D:6      | Reached XP level 9. HP: 74/74 MP: 8/8
  4967 | D:6      | Reached skill level 5 in Shields
  5458 | D:7      | Found a runed translucent gate.
  5459 | D:7      | Found a runed translucent gate.
  5460 | D:7      | Found a runed translucent gate.
  5463 | D:7      | Noticed retardedninja's ghost (novice MiFi)
  5463 | D:7      | Noticed a spectral unseen horror
  5469 | D:7      | Killed a spectral unseen horror
  5472 | D:7      | Killed retardedninja's ghost
  5586 | D:7      | Reached skill level 6 in Fighting
  5590 | D:7      | Reached skill level 5 in Throwing
  5846 | D:7      | Reached XP level 10. HP: 83/83 MP: 9/9
  6626 | D:8      | Found a transporter.
  6688 | D:8      | Identified the ring "Iblif" {*Slow Fly rElec rF+ Str+8}
  6689 | D:8      | Found a transporter.
  6706 | D:8      | Identified the +2 ring mail "Enidoid" {Int+2 Dex+2 Slay+3
                  | SInv}
  6706 | D:8      | Identified the +6 buckler of a wizard's laboratory {rPois
                  | rF++ rCorr MP-9}
  6875 | D:8      | Noticed Rennog's ghost (novice GrFi)
  6892 | D:8      | Killed Rennog's ghost
  6893 | D:8      | Reached skill level 7 in Fighting
  7929 | D:9      | Noticed a centaur warrior
  7941 | D:9      | Killed a centaur warrior
  7942 | D:9      | Reached skill level 8 in Fighting
  8247 | D:9      | Reached * piety under Ashenzari
  8247 | D:9      | Identified a scroll of acquirement
  8248 | D:9      | Acquired 980 gold pieces
  8306 | D:9      | Reached XP level 11. HP: 95/95 MP: 1/10
  8554 | D:10     | Entered Level 10 of the Dungeon
  8622 | D:9      | Reached skill level 9 in Fighting
  8687 | D:10     | Found a staircase to the Orcish Mines.
  8760 | D:10     | Found a staircase to the Lair.
  8993 | D:10     | Found a runed translucent gate.
  8994 | D:10     | Found a runed translucent gate.
  8994 | D:10     | Identified the +13 plate armour of Beogh's Righteous Fury
                  | {rF- Int-5 Dex+8 Stlth+}
  8994 | D:10     | Noticed sirJeffrey23's ghost (journeyman TeCj)
  8995 | D:10     | Found a runed translucent gate.
  8998 | D:10     | Identified the +1 scale mail of the Six Nights {rC+ rCorr}
  9005 | D:10     | Killed sirJeffrey23's ghost
  9212 | D:10     | Noticed Urug
  9216 | D:10     | Killed Urug
  9217 | D:10     | Reached skill level 10 in Fighting
  9565 | D:11     | Noticed a two-headed ogre
  9569 | D:11     | Killed a two-headed ogre
  9569 | D:11     | Noticed a two-headed ogre
  9576 | D:11     | Killed a two-headed ogre
  9577 | D:11     | Reached skill level 11 in Fighting
  9605 | D:11     | Noticed a two-headed ogre
  9611 | D:11     | Killed a two-headed ogre
  9775 | D:11     | Noticed a centaur warrior
  9787 | D:11     | Identified the +7 spear of Xom's Hope {heavy, rF++ rN+
                  | rCorr Str-4}
  9791 | D:11     | Noticed a centaur warrior
  9792 | D:11     | Noticed a centaur warrior
  9806 | D:11     | Killed a centaur warrior
  9807 | D:11     | Reached skill level 12 in Fighting
  9816 | D:11     | Killed a centaur warrior
  9817 | D:11     | Killed a centaur warrior
  9818 | D:11     | Reached XP level 12. HP: 113/113 MP: 2/11
  9944 | D:11     | Noticed a boulder beetle
  9959 | D:11     | Killed a boulder beetle
  9960 | D:11     | Reached skill level 13 in Fighting
 10460 | D:11     | Reached skill level 5 in Dodging
 10572 | D:12     | Noticed Kirke
 10574 | D:12     | Noticed Erolcha
 10587 | D:12     | Killed Kirke
 10588 | D:12     | Reached skill level 14 in Fighting
 10588 | D:12     | Killed Erolcha
 10660 | D:12     | Noticed a boulder beetle
 10667 | D:12     | Killed a boulder beetle
 10910 | D:12     | Reached skill level 15 in Fighting
 10914 | D:12     | Reached ** piety under Ashenzari
 11853 | D:13     | Noticed Frances
 11862 | D:13     | Killed Frances
 11921 | D:13     | Noticed a boulder beetle
 11927 | D:13     | Killed a boulder beetle
 11978 | D:13     | Acquired a manual of Throwing
 11985 | D:13     | Noticed Rupert
 11993 | D:13     | Killed Rupert
 11994 | D:13     | Reached skill level 10 in Throwing
 11994 | D:13     | Reached XP level 13. HP: 132/132 MP: 3/12
 12100 | D:13     | Reached skill level 16 in Fighting
 12279 | D:13     | Found a gate to the Vaults.
 12898 | D:13     | Reached skill level 1 in Evocations
 13129 | D:14     | Reached skill level 17 in Fighting
 13390 | D:14     | Noticed Lodul
 13408 | D:14     | Killed Lodul
 13522 | D:14     | Noticed Roxanne
 13544 | D:14     | Killed Roxanne
 14021 | Orc:1    | Entered Level 1 of the Orcish Mines
 14455 | Orc:2    | Entered Level 2 of the Orcish Mines
 14495 | Orc:2    | Noticed Josephine
 14505 | Orc:2    | Killed Josephine
 14506 | Orc:2    | Reached XP level 14. HP: 126/144 MP: 4/13
 14538 | Orc:2    | Noticed Nessos
 14547 | Orc:2    | Killed Nessos
 14998 | Orc:2    | Found a staircase to the Elven Halls.
 15055 | Orc:2    | Reached skill level 18 in Fighting
 15127 | Orc:2    | Found Miungi Tech's Weapon Shop.
 15127 | Orc:2    | Found Ytegh's Book Emporium.
 15129 | Orc:2    | Found Dojuonlu's General Store.
 15131 | Orc:2    | Found Azucrup's Assorted Antiques.
 15627 | Lair:1   | Entered Level 1 of the Lair of Beasts
 16736 | Lair:1   | Reached *** piety under Ashenzari
 16785 | Lair:2   | Identified the +9 spear of Abuse {freeze, +Blink}
 16799 | Lair:2   | Identified the +7 falchion of Meklirar {freeze, rPois rF-
                  | Dex+3 SInv}
 16827 | Lair:2   | Found an opulent altar of Gozag.
 16941 | Lair:2   | Reached **** piety under Ashenzari
 17686 | Lair:3   | Found a staircase to the Shoals.
 17966 | Lair:4   | Reached skill level 19 in Fighting
 18064 | Lair:5   | Entered Level 5 of the Lair of Beasts
 18087 | Lair:5   | Reached skill level 5 in Evocations
 18238 | Lair:5   | Identified the amulet "Fargheg" {Regen+ MP+9 Str+3}
 18240 | Lair:5   | Gained mutation: You sometimes lose your temper in combat.
                  | [a neqoxec]
 18241 | Lair:5   | Gained mutation: You have large cloven feet. [a neqoxec]
 18487 | Lair:5   | Reached XP level 15. HP: 156/163 MP: 14/14
 18644 | Lair:5   | Reached skill level 10 in Dodging
 18950 | Lair:5   | Reached skill level 20 in Fighting
 19202 | Lair:5   | Noticed an azure jelly
 19243 | Lair:5   | Killed an azure jelly
 19404 | Lair:5   | Found a viscous altar of Jiyva.
 19418 | Lair:5   | Found a staircase to the Slime Pits.
 19633 | Lair:5   | Noticed an azure jelly
 19633 | Lair:5   | Noticed an acid blob
 19639 | Lair:5   | Killed an azure jelly
 19644 | Lair:5   | Killed an acid blob
 20280 | Lair:3   | Found a staircase to the Snake Pit.
 20571 | Lair:3   | Noticed Snorg
 20578 | Lair:3   | Killed Snorg
 21135 | Lair:4   | Found a bloodstained altar of Trog.
 21149 | Lair:4   | Reached skill level 21 in Fighting
 21702 | Shoals:1 | Entered Level 1 of the Shoals
 21702 | Shoals:1 | Found a frozen archway.
 21780 | Shoals:1 | Noticed Donald
 21790 | Shoals:1 | Killed Donald
 21836 | IceCv    | Entered an ice cave
 21946 | IceCv    | Found an ancient bone altar of Kikubaaqudgha.
 21957 | IceCv    | Reached skill level 15 in Throwing
 21963 | IceCv    | Reached XP level 16. HP: 163/177 MP: 15/15
 22255 | IceCv    | Noticed a lich
 22262 | IceCv    | Killed a lich
 22304 | IceCv    | Identified the Folio of Sepulchral Ice
 23148 | Shoals:1 | Reached skill level 22 in Fighting
 23387 | Shoals:2 | Noticed Polyphemus
 23512 | Shoals:2 | Killed Polyphemus
 24447 | Shoals:3 | Reached skill level 23 in Fighting
 25109 | Shoals:3 | Reached XP level 17. HP: 188/188 MP: 16/16
 25450 | Shoals:3 | Identified the +1 rapier of Slow Death {drain, Will- Str+2
                  | Dex+5}
 25477 | Shoals:4 | Entered Level 4 of the Shoals
 26065 | Shoals:4 | Noticed a kraken
 26400 | Shoals:4 | Killed a kraken
 26413 | Shoals:4 | Got a barnacled rune of Zot
 26457 | Shoals:4 | Reached ***** piety under Ashenzari
 26519 | Shoals:4 | Reached skill level 24 in Fighting
 26596 | Shoals:4 | Identified the +0 robe of Xom, Glowing {Str+4 Int+5 Stlth-}
 26826 | Shoals:4 | Found a runed translucent door.
 26833 | Shoals:4 | Noticed hikkokomori's ghost (adept TeAE)
 26840 | Shoals:4 | Killed hikkokomori's ghost
 27452 | Snake:1  | Entered Level 1 of the Snake Pit
 27827 | Snake:1  | Found Aqabam's Jewellery Shoppe.
 27829 | Snake:1  | Found Jarhish's Assorted Antiques.
 27831 | Snake:1  | Found Gitumumn's Assorted Antiques.
 27852 | Snake:1  | Noticed Aizul
 27861 | Snake:1  | Killed Aizul
 28262 | Snake:1  | Reached ****** piety under Ashenzari
 28389 | Snake:2  | Reached skill level 25 in Fighting
 28656 | Snake:2  | Reached XP level 18. HP: 136/200 MP: 19/19
 29639 | Snake:3  | Reached skill level 10 in Evocations
 29977 | Snake:3  | Reached skill level 26 in Fighting
 29979 | Snake:3  | Found Pezymeu's Jewellery Emporium.
 29979 | Snake:3  | Found Gamyzo's Book Boutique.
 29980 | Snake:3  | Found Deupit's Jewellery Emporium.
 30706 | Snake:4  | Entered Level 4 of the Snake Pit
 31086 | Snake:4  | Noticed Vashnia
 31116 | Snake:4  | Killed Vashnia
 31217 | Snake:4  | Got a serpentine rune of Zot
 31391 | Snake:4  | Reached skill level 27 in Fighting
 31881 | Vaults:1 | Entered Level 1 of the Vaults
 31980 | D:13     | Reached XP level 19. HP: 207/207 MP: 20/20
 33765 | Vaults:2 | Found a white marble altar of Elyvilon.
 33772 | Vaults:2 | Found a crumbling gateway.
 33774 | Vaults:2 | Found a glowing silver altar of Zin.
 33774 | Vaults:2 | Found a glowing golden altar of the Shining One.
 33805 | Desolati | Entered the Desolation of Salt
 33834 | Desolati | Identified the Vellum of the Exothermic Band
 34094 | Desolati | Identified the ring "Gyaseo" {Will- rCorr Str+3 Dex+6}
 34339 | Desolati | Reached XP level 20. HP: 208/216 MP: 21/21
 34359 | Desolati | Identified the +0 ring mail of Xastok {rPois rCorr Int+4
                  | Dex+4}
 34381 | Desolati | Identified the Almanac of Cursed Rime
 35694 | Vaults:2 | Found Coubrif's Antique Armour Boutique.
 35831 | Vaults:2 | Noticed Saint Roka
 35863 | Vaults:2 | Killed Saint Roka
 36909 | Vaults:3 | Reached skill level 15 in Dodging
 37478 | Vaults:3 | Found a staircase to the Crypt.
 37478 | Vaults:3 | Found an ancient bone altar of Kikubaaqudgha.
 37479 | Vaults:3 | Found a basalt altar of Yredelemnul.
 37679 | Crypt:1  | Entered Level 1 of the Crypt
 38313 | Vaults:4 | Reached XP level 21. HP: 194/224 MP: 22/22
 38895 | Vaults:4 | Reached skill level 15 in Evocations
 39134 | Vaults:4 | Found the +27 heavy crossbow "Sniper" {heavy, Acc+∞ SInv}
 39283 | Vaults:5 | Entered Level 5 of the Vaults
 39388 | Vaults:5 | Noticed a dread lich
 39388 | Vaults:5 | Noticed a golden dragon
 39656 | Vaults:4 | Killed a dread lich
 39705 | Vaults:4 | Killed a golden dragon
 39805 | Vaults:5 | Identified the +5 scimitar of the Maze {vamp, Int+3 Dex+3}
 39822 | Vaults:5 | Identified the +5 plate armour of Too Many Cooks {-Cast
                  | Str+5 Stlth+}
 39852 | Vaults:5 | Noticed an ancient lich
 39866 | Vaults:5 | Killed an ancient lich
 40107 | Vaults:5 | Identified the ring of Happiness {Contam Fly rC+ Str+6
                  | Dex-2}
 40169 | Vaults:5 | Reached XP level 22. HP: 197/233 MP: 23/23
 40181 | Vaults:5 | Identified the ring "Tiahufil" {rPois rCorr Stlth+}
 40191 | Vaults:5 | Noticed an ancient lich
 40205 | Vaults:5 | Identified the +7 hand axe of Nekuman {drain, rC- Str+2
                  | Int+8}
 40205 | Vaults:5 | Identified the ring of Sinautaw {*Slow rElec rN++ Will+
                  | rCorr}
 40264 | Vaults:4 | Killed an ancient lich
 40524 | Vaults:5 | Paralysed by a sphinx for 4 turns
 40735 | Vaults:5 | Identified the +1 dagger of the Foremost Tables {heavy,
                  | *Noise Fly Int+3 Stlth+}
 41253 | Vaults:5 | Identified the Quarto of Quantum Feathers
 41292 | Vaults:5 | Found Aplog's Weapon Emporium.
 41468 | Vaults:5 | Got a silver rune of Zot
 41798 | Vaults:5 | Paralysed by an ogre mage for 5 turns
 42079 | D:15     | Entered Level 15 of the Dungeon
 42223 | D:15     | Found Haerint's General Store.
 42392 | D:15     | Found a staircase to the Depths.
 42646 | D:15     | Identified the Discursus on Orientation
 42758 | Depths:1 | Entered Level 1 of the Depths
 42831 | Depths:1 | Found a gateway to Hell.
 42946 | Depths:1 | Found Umoy's Assorted Antiques.
 43027 | Depths:1 | Found Wepinwof's General Store.
 43034 | Depths:1 | Found Senilacu's Weapon Shop.
 43046 | Depths:1 | Found Obutagh's Weapon Shoppe.
 43089 | Depths:1 | Found a one-way gateway to a ziggurat.
 43837 | Depths:1 | Found Xeuma's Antique Weapon Emporium.
 44386 | Depths:2 | Identified the +0 pair of gloves of Forking Paths {Harm rF-
                  | Str+2 Dex+4}
 44758 | Depths:2 | Found a one-way gate leading to the halls of Pandemonium.
 45060 | Depths:2 | Acquired 1010 gold pieces
 45349 | Depths:3 | Found a one-way gate to the infinite horrors of the Abyss.
 45367 | Depths:3 | Reached XP level 23. HP: 240/240 MP: 24/24
 45858 | Depths:3 | Noticed a caustic shrike
 45873 | Depths:3 | Killed a caustic shrike
 45880 | Depths:3 | Noticed a caustic shrike
 45901 | Depths:4 | Entered Level 4 of the Depths
 46019 | Depths:3 | Killed a caustic shrike
 46021 | Depths:3 | Paralysed by a floating eye for 4 turns
 46035 | Depths:3 | Paralysed by a floating eye for 2 turns
 46058 | Depths:3 | Paralysed by a sphinx for 4 turns
 47010 | Depths:4 | Noticed Xtahua
 47023 | Depths:4 | Paralysed by Xtahua for 5 turns
 47030 | Depths:4 | Killed Xtahua
 47057 | Depths:4 | Found a sacrificial altar of Ru.
 47085 | Depths:4 | Found a gate to the Realm of Zot.
 47390 | Depths:4 | Noticed Sojobo
 47396 | Depths:4 | Paralysed by an air elemental for 1 turns
 47403 | Depths:4 | Paralysed by an air elemental for 1 turns
 47426 | Depths:4 | Killed Sojobo
 48107 | Depths:4 | Noticed Parghit
 48124 | Depths:4 | Killed Parghit
 48369 | Zot:1    | Entered Level 1 of the Realm of Zot
 48692 | Zot:1    | Noticed an orb of fire
 48701 | Zot:1    | Gained mutation: You occasionally shout uncontrollably at
                  | your foes. [an orb of fire]
 48706 | Zot:1    | Killed an orb of fire
 49030 | Zot:1    | Reached XP level 24. HP: 249/249 MP: 24/24
 49398 | Zot:2    | Noticed Vv
 49729 | Zot:1    | Killed Vv
 50342 | Zot:2    | Found a transporter.
 50962 | Zot:2    | Acquired 1052 gold pieces
 50966 | Zot:2    | Acquired the +2 pair of boots "Yqiceluwi" {Str+4 Int+2
                  | Dex+7}
 51626 | Zot:3    | Found a runed translucent door.
 51626 | Zot:3    | Found a shimmering altar of Xom.
 51626 | Zot:3    | Noticed Joggorr's ghost (veteran OgBe)
 51626 | Zot:3    | Identified the +5 broad axe "Dragonslayer" {freeze, Contam
                  | Fly Dex+4}
 53373 | Zot:5    | Entered Level 5 of the Realm of Zot
 54469 | Zot:5    | Noticed a Killer Klown
 54496 | Zot:5    | Noticed a Killer Klown
 54496 | Zot:5    | Noticed an orb of fire
 54496 | Zot:5    | Noticed a Killer Klown
 54496 | Zot:5    | Noticed an ancient lich
 54496 | Zot:5    | Noticed an orb of fire
 54496 | Zot:5    | Noticed an orb of fire
 54496 | Zot:5    | Noticed a Killer Klown
 54497 | Zot:5    | Noticed an ancient lich
 54498 | Zot:5    | Gained mutation: You are vulnerable to heat. (rF-) [an orb
                  | of fire]
 54499 | Zot:5    | Noticed a dread lich
 54501 | Zot:5    | Gained mutation: You are agile. (Dex +4, Str/Int -1) [an
                  | orb of fire]
 54506 | Zot:5    | Gained mutation: Armour fits poorly on your strangely
                  | shaped body. [an orb of fire]
 54507 | Zot:5    | Gained mutation: Your magical capacity is low. (-10% MP)
                  | [an orb of fire]
 54508 | Zot:5    | Killed an ancient lich
 54510 | Zot:5    | Gained mutation: You occasionally lose the ability to read
                  | scrolls when taking damage. [an orb of fire]
 54510 | Zot:5    | Lost mutation: You are agile. (Dex +4, Str/Int -1) [an orb
                  | of fire]
 54511 | Zot:5    | Noticed a dread lich
 54511 | Zot:5    | Noticed an orb of fire
 54511 | Zot:5    | Noticed a dread lich
 54511 | Zot:5    | Noticed a dread lich
 54511 | Zot:5    | Noticed a Killer Klown
 54512 | Zot:5    | Noticed an orb of fire
 54515 | Zot:5    | Noticed an ancient lich
 54519 | Zot:5    | Gained mutation: You sometimes lose the ability to read
                  | scrolls when taking damage. [an orb of fire]
 54520 | Zot:5    | Paralysed by a dread lich for 3 turns
 54522 | Zot:5    | Gained mutation: You are clumsy. (Dex -2) [an orb of fire]
 54523 | Zot:5    | Gained mutation: You frequently scream uncontrollably at
                  | your foes. [an orb of fire]
 54812 | Depths:3 | Lost mutation: You frequently scream uncontrollably at your
                  | foes. [potion of mutation]
 54812 | Depths:3 | Lost mutation: You are clumsy. (Dex -2) [potion of
                  | mutation]
 54812 | Depths:3 | Lost mutation: Armour fits poorly on your strangely shaped
                  | body. [potion of mutation]
 54886 | Depths:1 | Bought a potion of mutation for 360 gold pieces
 55180 | Zot:1    | Lost mutation: You sometimes lose the ability to read
                  | scrolls when taking damage. [potion of mutation]
 55180 | Zot:1    | Lost mutation: You occasionally lose the ability to read
                  | scrolls when taking damage. [potion of mutation]
 55180 | Zot:1    | Lost mutation: You sometimes lose your temper in combat.
                  | [potion of mutation]
 55180 | Zot:1    | Gained mutation: You are robust. (+10% HP) [potion of
                  | mutation]
 55180 | Zot:1    | Gained mutation: Armour fits poorly on your strangely
                  | shaped body. [potion of mutation]
 55180 | Zot:1    | Lost mutation: You are robust. (+10% HP) [potion of
                  | mutation]
 55181 | Zot:1    | Lost mutation: You are vulnerable to heat. (rF-) [potion of
                  | mutation]
 55181 | Zot:1    | Lost mutation: Armour fits poorly on your strangely shaped
                  | body. [potion of mutation]
 55181 | Zot:1    | Gained mutation: You occasionally lose the ability to drink
                  | potions when taking damage. [potion of mutation]
 55181 | Zot:1    | Gained mutation: You have hoof-like feet. [potion of
                  | mutation]
 55182 | Zot:1    | Lost mutation: You have hoof-like feet. [potion of
                  | mutation]
 55182 | Zot:1    | Lost mutation: Your magical capacity is low. (-10% MP)
                  | [potion of mutation]
 55182 | Zot:1    | Gained mutation: You are somewhat resistant to further
                  | mutation. [potion of mutation]
 55182 | Zot:1    | Gained mutation: You are partially covered in iridescent
                  | scales. (AC +2) [potion of mutation]
 55414 | Zot:5    | Killed a dread lich
 55469 | Zot:5    | Killed a dread lich
 55470 | Zot:5    | Reached XP level 25. HP: 257/257 MP: 24/24
 55516 | Zot:5    | Killed an orb of fire
 55593 | Zot:5    | Gained mutation: You sometimes lose your temper in combat.
                  | [an orb of fire]
 55594 | Zot:5    | Killed an orb of fire
 55631 | Zot:5    | Lost mutation: You are somewhat resistant to further
                  | mutation. [potion of mutation]
 55631 | Zot:5    | Lost mutation: You have large cloven feet. [potion of
                  | mutation]
 55631 | Zot:5    | Lost mutation: You are partially covered in iridescent
                  | scales. (AC +2) [potion of mutation]
 55631 | Zot:5    | Gained mutation: Your spells are a little harder to cast,
                  | but a little more powerful. [potion of mutation]
 55631 | Zot:5    | Gained mutation: You have large cloven feet. [potion of
                  | mutation]
 55632 | Zot:5    | Lost mutation: You sometimes lose your temper in combat.
                  | [potion of mutation]
 55632 | Zot:5    | Lost mutation: Your spells are a little harder to cast, but
                  | a little more powerful. [potion of mutation]
 55632 | Zot:5    | Lost mutation: You occasionally lose the ability to drink
                  | potions when taking damage. [potion of mutation]
 55632 | Zot:5    | Gained mutation: You are vulnerable to heat. (rF-) [potion
                  | of mutation]
 55632 | Zot:5    | Gained mutation: Your body sometimes deteriorates upon
                  | taking damage. [potion of mutation]
 55632 | Zot:5    | Gained mutation: You passively map a small area around you.
                  | [potion of mutation]
 55661 | Zot:5    | Killed a dread lich
 55693 | Zot:5    | Killed a Killer Klown
 55703 | Zot:5    | Killed a dread lich
 55715 | Zot:5    | HP: 4/257 [red draconian scorcher/damnation (40)]
 56006 | Zot:4    | Killed a Killer Klown
 56028 | Zot:5    | Killed a Killer Klown
 56031 | Zot:5    | Killed an ancient lich
 56098 | Zot:5    | Killed a Killer Klown
 56149 | Zot:5    | Killed an ancient lich
 56156 | Zot:5    | Gained mutation: You sometimes lose your temper in combat.
                  | [an orb of fire]
 56181 | Zot:5    | Killed an orb of fire
 56184 | Zot:5    | Killed a Killer Klown
 56601 | Zot:5    | Got the Orb of Zot
 56648 | Zot:5    | Killed an orb of fire
 56675 | Zot:4    | Noticed Zeiseurch the pandemonium lord
 56689 | Zot:4    | Gained mutation: You are clumsy. (Dex -2) [a neqoxec]
 56843 | Depths:3 | Noticed Rush the pandemonium lord
 57095 | D:5      | Noticed Woitzes the pandemonium lord
 57101 | D:5      | Killed Woitzes the pandemonium lord
 57277 | D:1      | Noticed Koiciosm the pandemonium lord
 57283 | D:1      | Killed Koiciosm the pandemonium lord
 57435 | D:$      | Escaped with the Orb!

Illustrated notes

Levels and vault maps discovered:
D:1:      sevenhm_arrival_forest_fort_large_2, layout_rooms,
          roderic_roman_lattice
D:2:      layout_loops_corners, serial_shops, nicolae_shop_advertising_works
          [nicolae_subvault_shop_adworks], lemuel_flame_loot_1
D:3:      layout_loops_ring, serial_shops, nicolae_shop_stone, uniq_grinder,
          uniq_terence
D:4:      layout_rooms, mainiacjoe_overflow_big_doors
D:5:      layout_basic, sigmund_edmund_badplayer
D:6:      layout_rooms, minmay_temple_entry_drinking_statues
D:7:      layout_basic, gammafunk_ghost_necromancy,
          nicolae_concentric_dashed_squares_mild, kennysheep_generic_room_2
D:8:      layout_loops_cross, gammafunk_ghost_gnarly_gnolls
D:9:      layout_roguey
D:10:     layout_basic, erik_lair_orcish_takeover, orc_0_dummy,
          biasface_ghost_orc_armoury, small_statue_alley_a, uniq_urug
D:11:     layout_roguey [special_room_orc], minmay_mirror_moons_of_madness
D:12:     layout_layer_cave, uniq_erolcha, uniq_kirke
D:13:     layout_loops_cross, hangedman_vaults_entry_quadrant_bands,
          argonaut_gorgonesque, uniq_frances, uniq_rupert
D:14:     layout_irregular_city, chequers_serial_rivers_room_b, uniq_lodul,
          uniq_roxanne
D:15:     grunt_enter_depths_snipers, layout_irregular_city,
          minmay_misc_feat_chi, serial_shops, shop_coins
Temple:   nicolae_temple_slightly_damp_pantheon
Lair:1:   layout_cave_pods, evilmike_ambush [evilmike_ambush_outer_corners,
          evilmike_ambush_inner_wall_1], grunt_megastairs_5
Lair:2:   layout_misc_corridors, basic_altar, serial_bayou_shore_b
Lair:3:   layout_chaotic_city, minmay_shoals_entry_beasts,
          minmay_snake_entry_six_corridors, lemuel_fruit_fields, uniq_snorg
Lair:4:   layout_cave_pods, basic_altar
Lair:5:   due_jungle_book, layout_hall_layers,
          minmay_slime_entry_oklob_enclosed, special_room [special_room_jelly],
          st_stairs_8, nicolae_quartered_pool_little, cheibrodos_lair_lostbears,
          infiniplex_staircase_pool_2
Shoals:1: layout_shoals, portal_ice_cave_entry_pillars_2, uniq_donald
Shoals:2: cheibrodos_shoals_satyrical_garden, layout_shoals, uniq_polyphemus
Shoals:3: layout_shoals, nicolae_shoals_hidden_pirate_stash
Shoals:4: shoals_end_hangedman, layout_shoals, ebering_ghost_reflecting_pool
Snake:1:  layout_basic, minmay_shop_star, serial_bayou_shore_b, uniq_aizul
Snake:2:  layout_gridlike
Snake:3:  layout_layer_cave, serial_bayou_shore_a, grunt_megastairs_1,
          serial_bayou_shore_b, minmay_shop_grove
Snake:4:  grunt_snake_rune_serpentine_throne, layout_cave_town
Orc:1:    layout_caves
Orc:2:    st_orc_rangers, layout_caves, uniq_nessos, uniq_josephine
Vaults:1: ontoclasm_vaults_loading_screen, v_rooms_5, grunt_vaults_bifocal,
          hangedman_vaults_pinch, v_misc_33, nicolae_vaults_big_ls, st_lines,
          v_misc_33, layout_vaults_big_room
Vaults:2: portal_desolation_entry_holy_temple, dpeg_vaults_monster_row,
          nicolae_vaults_angled_halls, vaults_room_fancy_cross,
          st_smaller_cells, ontoclasm_vaults_ring_small, ontoclasm_vaults_twist,
          nicolae_vaults_yaktaur_gun_rack, layout_vaults_omnigrid, serial_shops,
          nicolae_shop_competitors_out_of_business, uniq_saint_roka
Vaults:3: ontoclasm_vaults_ring_small, nicolae_vaults_little_squares_4,
          v_misc_23, kb_rosetta, hangedman_vaults_impose, vaults_room_octagon,
          minmay_crypt_entry_necro_gods, ontoclasm_vaults_decontamination,
          v_pattern_2, grunt_vaults_focal, layout_vaults_ring
Vaults:4: nicolae_vaults_arrows, st_hourglassy, ontoclasm_vaults_ring_large,
          v_alt_pattern_6, nicolae_vaults_network_periphery,
          vaults_room_stairs_pillars, v_misc_11,
          nicolae_vaults_big_angled_halls, layout_vaults_maze_snakey
Vaults:5
Crypt:1:  layout_regular_city, grunt_crypt_arrival_split
Depths:1: layout_gridville, enter_ziggurat_d, grunt_mini_vestibule,
          serial_shops, nicolae_shop_overgrown_old_shop, shop,
          nicolae_shop_bloodbath_and_beyond, nrook_uturn,
          hangedman_decor_lopped, minmay_tree_intersection,
          dpeg_stationary_puzzle, minmay_shoptagon
Depths:2: nicolae_hexawheel, layout_basic, pan_entry,
          minmay_misc_feat_four_crosses, hangedman_tar_grid_catacomb,
          infiniplex_staircase_river
Depths:3: minmay_triangles_in_corner, layout_basic, nicolae_wwwww, abyss_entry,
          hell_entry
Depths:4: grunt_crosshair, layout_gridville, pf_vacation_house_of_asmodeus,
          abyss_entry, nicolae_ru_path_of_blood, uniq_sojobo, uniq_parghit,
          uniq_xtahua
Zot:1:    layout_basic
Zot:2:    layout_onion, nicolae_diode_basic, uniq_vv
Zot:3:    layout_concentric_octagons, ebering_ghost_xom
Zot:4:    layout_basic
Zot:5:    layout_gridlike

Skill      XL: |  1  2  3  4  5  6  7  8  9 10 11 12 13 14 15 16 17 18 19 20 21 22 23 24 25 |
---------------+----------------------------------------------------------------------------+-----
Long Blades    | 3 4 6 7 8 10 12 14 | 14.0
Shields        | 4 5 7 |  7.0
Fighting       | 4 5 6 8 12 15 17 19 21 23 25 27 | 27.0
Armour         | 4 5 6 7 8 9 |  9.5
Throwing       | 1 2 3 5 6 8 10 11 13 15 16 17 19 20 21 22 23 24 | 24.9
Dodging        | 1 2 4 6 7 9 11 12 14 15 18 20 22 25 26 | 26.4
Evocations     | 3 5 7 8 9 10 13 14 15 16 17 18 19 | 19.3
Stealth        | |  0.8
Spellcasting   | |  0.2

Action                     |  1- 3 |  4- 6 |  7- 9 | 10-12 | 13-15 | 16-18 | 19-21 | 22-24 | 25-27 || total
---------------------------+-------+-------+-------+-------+-------+-------+-------+-------+-------++-------
  Melee: Long sword        |    22 |       |       |       |       |       |       |       |       ||    22
         Headbutt          |     6 |     4 |    20 |    79 |   225 |   376 |   567 |   686 |   101 ||  2064
         Eudemon blade     |    30 |    54 |   117 |   384 |   853 |  1294 |  1582 |  1862 |   281 ||  6457
  Throw: Boomerang         |       |       |       |       |    24 |    12 |       |    19 |    37 ||    92
 Invoke: Curse Item        |       |       |     1 |     2 |     4 |     4 |       |     1 |       ||    12
         Shatter the Chain |       |       |       |       |       |     1 |       |     1 |       ||     2
  Evoke: Wand              |       |       |       |       |     2 |     1 |       |     1 |       ||     4
    Use: Scroll            |       |       |       |     2 |     2 |       |     1 |    10 |     6 ||    21
         Potion            |       |       |       |       |       |       |       |     5 |     7 ||    12
   Stab: Distracted        |       |       |     1 |     2 |       |       |       |       |       ||     3
         Sleeping          |       |       |       |     4 |     8 |       |       |       |       ||    12
         Petrified         |       |       |       |       |     2 |       |       |       |       ||     2
 Armour: Scale mail        |    15 |    12 |    27 |    30 |       |       |       |       |       ||    84
         Ring mail         |       |       |       |    11 |   145 |    17 |       |       |       ||   173
         Plate armour      |       |       |       |       |       |   249 |   306 |   502 |    81 ||  1138
  Dodge: Dodged            |    14 |    14 |    44 |   139 |   508 |   821 |  1274 |  1825 |   369 ||  5008
  Block: Kite shield       |    24 |    18 |    48 |    33 |       |       |       |       |       ||   123
         Buckler           |       |       |       |   150 |   509 |   878 |  1042 |  1153 |   248 ||  3980

Table legend: (Time is in decaauts)
 A = Elapsed time spent in this place.
 B = Non-inter-level travel time spent in this place.
 C = Inter-level travel time spent in this place.
 D = Time resting spent in this place.
 E = Time spent auto-exploring this place.
 F = Levels seen in this place.
 G = Mean time per level.
                   A        B        C        D        E       F      G
               +--------+--------+--------+--------+--------+-----+--------+
         Total |  56334 |  51298 |   5036 |  12209 |  25360 |  48 | 1173.6 |
       Dungeon |  15944 |  14011 |   1933 |   3127 |   8272 |  15 | 1062.9 |
        Temple |    175 |    160 |     15 |      0 |    134 |   1 |  175.0 |
          Lair |   6072 |   5530 |    542 |   1045 |   3446 |   5 | 1214.4 |
        Shoals |   4948 |   4704 |    244 |   1268 |   2053 |   4 | 1237.0 |
     Snake Pit |   4066 |   3767 |    299 |    379 |   2289 |   4 | 1016.5 |
  Orcish Mines |   1623 |   1564 |     59 |    377 |    864 |   2 |  811.5 |
        Vaults |   8433 |   7812 |    621 |   2128 |   3255 |   5 | 1686.6 |
         Crypt |     85 |     85 |      0 |     19 |      0 |   1 |   85.0 |
        Depths |   5732 |   5147 |    585 |   1215 |   2577 |   4 | 1433.0 |
           Zot |   7656 |   6920 |    736 |   2108 |   2118 |   5 | 1531.2 |
      Ice Cave |    567 |    567 |      0 |    144 |    113 |   1 |  567.0 |
    Desolation |   1028 |   1028 |      0 |    397 |    238 |   1 | 1028.0 |
               +--------+--------+--------+--------+--------+-----+--------+

Top non-repeatable levels by time:
   Zot:5: 2277 daAuts
   Zot:1: 2055 daAuts
  Lair:5: 2033 daAuts
Vaults:4: 2022 daAuts
Vaults:1: 1748 daAuts
Vaults:2: 1722 daAuts
Vaults:5: 1568 daAuts
     D:8: 1519 daAuts
Depths:4: 1509 daAuts
Depths:2: 1489 daAuts
Shoals:3: 1484 daAuts
    D:13: 1454 daAuts
   Zot:3: 1412 daAuts
Shoals:4: 1393 daAuts
     D:2: 1388 daAuts
